 Dungeon Crawl Stone Soup version 0.29.0-4-gdea44cf6ec (webtiles) character file.

Game seed: 8311607828965422594

25 qw the Chopper (level 3, -5/29 HPs)
             Began as a Barachi Chaos Knight on Sept 4, 2022.
             Slain by an ice devil (8 damage)
             ... summoned by Xom
             ... on level 1 of the Dungeon.
             The game lasted 00:00:21 (880 turns).

qw the Chopper (Barachi Chaos Knight)                Turns: 880, Time: 00:00:22

Health: -5/29      AC:  5    Str: 15    XL:     3   Next: 6%
Magic:  3/3        EV: 11    Int: 12    God:
Gold:   34         SH:  0    Dex: 11    Spells: 2/2 levels left

rFire   . . .      SeeInvis .   Y - +1 hand axe (chaos)
rCold   . . .      Faith    .   (no shield)
rNeg    . . .      Spirit   .   b - +2 leather armour
rPois   .          Reflect  .   (no helmet)
rElec   .          Harm     .   (no cloak)
rCorr   .          Rampage  .   (no gloves)
Will    .....                   (no boots)
Stlth   +.........              (no amulet)
HPRegen 0.09/turn               (no ring)
MPRegen 0.08/turn               (no ring)

@: slow
A: amphibious, slowness 1, strong legs 1, +LOS
a: Hop


You were on level 1 of the Dungeon.
You visited 1 branch of the dungeon, and saw 2 of its levels.

You collected 34 gold pieces.


Innate Abilities, Weirdness & Mutations

You are amphibious.
You cover ground slowly.
You can hop short distances.
You have an extended range of vision and can be seen from far away.


   Skills:
 - Level 3.6 Fighting
 + Level 4.4 Axes
 - Level 0.8 Throwing
 - Level 2.4 Armour
 - Level 1.1 Dodging


You had 2 spell levels left.
You didn't know any spells.
Your spell library was empty.

Inventory:

Hand Weapons
 d - a +0 club
 Y - a +1 hand axe of chaos (weapon)
Armour
 b - a +2 leather armour (worn)
Potions
 g - a potion of curing
Miscellaneous
 c - a piece from Xom's chessboard (15/15)

Dungeon Overview and Level Annotations

Branches:
Dungeon (2/15)

Altars:


Message History

You hit the bat. You freeze the bat.
You kill the bat!
There is an open door here.
You now have 34 gold pieces (gained 7).
An endoplasm comes into view.
Enter note: You hit the endoplasm.
The endoplasm is heavily wounded.
The endoplasm misses you.
The endoplasm hits you but does no damage.
You hit the endoplasm. You drain the endoplasm.
You kill the endoplasm!
You have reached level 3!
Your experience leads to an increase in your attributes!
Increase (S)trength, (I)ntelligence, or (D)exterity?
You feel stronger. x2
A kobold comes into view. It is wielding a +0 short sword.
Found a scroll labelled KIUHAY TIDU.
The kobold shouts!
Found 7 gold pieces.
You barely miss the kobold.
The kobold hits you with a +0 short sword.
You hit the kobold.
You kill the kobold!
You start resting. "Let's see if it's strong enough to survive yet."
A white imp comes into view.
You hit the ice devil but do no damage. You miss the chaos spawn.
You hit the iron imp but do no damage.
The iron imp flickers and vanishes!
Deactivating autopickup; reactivate with Ctrl-A.
You hit the iron imp but do no damage. You hit the white imp but do no damage.
The white imp goes berserk!
You hit the iron imp but do no damage.
The iron imp resists with some effort.
You closely miss the ice devil. You barely miss the white imp.
You barely miss the iron imp. You closely miss the chaos spawn.
You barely miss something. You closely miss the iron imp.
The white imp misses you. The chaos spawn hits you!
The chaos spawn freezes you!
Ouch! That really hurt!
The ice devil hits you!
You die...

######## #......# ###
#.####.# ##.## ###.#
#.# ##554####
##...####.#
#5{555..####
#..#...##.#
#5@44.....?
#.........#
##4#5.$####
#...##.########5##.##
#..###.............#
#..# #.########+####
#..###.# ##...## .#
#......# ##.....##
##.# ##.##.##
##.......## ##.#.#
####..####.........#
#(...#


You could see an ice devil (summoned), 3 chaos spawn, 3 iron imps, a quasit
(summoned), a crimson imp (summoned), 2 white imps and 2 ufetubi.

Vanquished Creatures
  A worm (D:2)
  A dart slug (D:2)
  3 ball pythons (D:1)
  An endoplasm (D:1)
  A giant cockroach (D:1)
  2 hobgoblins (D:1)
  3 kobolds (D:1)
  3 bats
  A frilled lizard (D:1)
  3 rats (D:1)
19 creatures vanquished.

Notes
Turn   | Place    | Note
-------+----------+-------------------------------------------
     0 | D:1      | qw the Barachi Chaos Knight began the quest for the Orb.
     0 | D:1      | Reached XP level 1. HP: 18/18 MP: 1/1
     0 | D:1      | 0 ||| qw: Version: 0.1-a-103-gd6f5d3a
     0 | D:1      | 0 ||| qw: Game counter: 5546
     0 | D:1      | 0 ||| qw: Always use a shield: true
     0 | D:1      | 0 ||| qw: God list: Okawaru
     0 | D:1      | 0 ||| qw: Allow faded altars: false
     0 | D:1      | 0 ||| qw: Do Orc after D:15 true
     0 | D:1      | 0 ||| qw: Do second Lair branch before Depths: true
     0 | D:1      | 0 ||| qw: Lair rune preference: random
     0 | D:1      | 0 ||| qw: Plans: Normal
     0 | D:1      | 0 ||| PLANNING D:1-11
     0 | D:1      | Fell from the grace of Xom
   194 | D:1      | XOM: 2-stop teleportation journey
   330 | D:1      | Found a faded altar of an unknown god.
   460 | D:1      | Reached XP level 2. HP: 24/24 MP: 2/2
   494 | D:1      | 494 ||| Stepping ~*~*~tactically~*~*~ (stealth).
   495 | D:1      | 495 ||| Stepping ~*~*~tactically~*~*~ (stealth).
   496 | D:1      | 496 ||| Stepping ~*~*~tactically~*~*~ (stealth).
   497 | D:1      | 497 ||| Stepping ~*~*~tactically~*~*~ (stealth).
   508 | D:1      | Reached skill level 4 in Axes
   704 | D:1      | You fall into a shaft and drop 1 floor!
   706 | D:2      | 706 ||| Stepping ~*~*~tactically~*~*~ (hiding).
   709 | D:2      | 709 ||| Stepping ~*~*~tactically~*~*~ (hiding).
   731 | D:2      | 731 ||| READING scroll labelled BAOSAIGEGH.
   732 | D:2      | 732 ||| READING scroll labelled LAIRUEFORPH.
   733 | D:2      | 733 ||| READING scroll labelled ROHUGR GATOI.
   734 | D:2      | 734 ||| READING scroll labelled NOFRIA FOMNEBE.
   735 | D:2      | 735 ||| DRINKING 2 sedimented white potions.
   838 | D:1      | Reached XP level 3. HP: 29/29 MP: 3/3
   878 | D:1      | XOM: summons 14 hostile demons
   879 | D:1      | Noticed a chaos spawn
   879 | D:1      | Noticed a chaos spawn
   879 | D:1      | Noticed a chaos spawn
   879 | D:1      | Noticed an ice devil
   880 | D:1      | HP: 3/29 [chaos spawn[Xom] (16)]
   880 | D:1      | Slain by an ice devil

Levels and vault maps discovered:
D:1:      roderic_dead_forest, layout_loops_corners,
          hellmonk_ecumenical_altar_leap_of_faith
D:2:      layout_basic

Skill      XL: |  1  2 |
---------------+-------+-----
Axes           | 4 |  4.4
Fighting       | |  3.6
Throwing       | |  0.8
Armour         | |  2.4
Dodging        | |  1.1

Action                   || total
-------------------------++-------
Melee: Hand axe          ||    43
Throw: Javelin           ||    15
Invok: Renounce Religion ||     1
  Use: Scroll            ||     4
       Potion            ||     1
Armor: Leather armour    ||    16
Dodge: Dodged            ||    19

Table legend:
 A = Non-vault XP
 B = Vault XP
 C = Vault XP percentage of total XP
 D = Non-vault monster count
 E = Vault monster count
 F = Vault count percentage of total count
                 A         B        C        D         E       F
            +---------+---------+-------+---------+---------+-------
      Total |      37 |       0 |   0.0 |      19 |       0 |   0.0
            +---------+---------+-------+---------+---------+-------
        D:1 |      25 |       0 |   0.0 |      15 |       0 |   0.0
        D:2 |      12 |       0 |   0.0 |       4 |       0 |   0.0
            +---------+---------+-------+---------+---------+-------
